 Dungeon Crawl Stone Soup version 0.30-a0-883-g5ad918d77d (webtiles) character file.

Game seed: 16209730721964099704

26 iguanaiguana the Chiller (level 2, -2/21 HPs)
             Began as an Armataur Ice Elementalist on Mar 16, 2023.
             Was a Follower of Sif Muna.
             Killed from afar by a dart slug (3 damage)
             ... with a slug dart
             ... on level 1 of the Dungeon.
             The game lasted 00:02:48 (166 turns).

iguanaiguana the Chiller (Armataur Ice Elementalist) Turns: 166, Time: 00:02:49

Health: -2/21      AC:  5    Str: 13    XL:     2   Next: 89%
Magic:  1/4        EV:  9    Int: 15    God:    Sif Muna [*.....]
Gold:   37         SH:  0    Dex: 10    Spells: 3/4 levels left

rFire   . . .      SeeInvis .    c - +0 dagger
rCold   . . .      Faith    .    (no shield)
rNeg    . . .      Spirit   .    a - +1 robe
rPois   .          Reflect  .    (no helmet)
rElec   .          Roll     +    (no cloak)
rCorr   .                        (no gloves)
Will    .....                    (no barding)
Stlth   ++                       (no amulet)
HPRegen 0.23/turn                (no ring)
MPRegen 0.09/turn                (no ring)

@: mighty
A: large, rugged brown scales 3, deformed body, armoured tail, roll, long
tongue, awkward tongue
a: Renounce Religion, Channel Magic


You were on level 1 of the Dungeon.
You worshipped Sif Muna.
Sif Muna was aware of your devotion.
You visited 1 branch of the dungeon, and saw 2 of its levels.

You collected 37 gold pieces.

Inventory:

Hand Weapons
 c - a +0 dagger (weapon)
Armour
 a - a +1 robe (worn)
Potions
 b - a potion of magic


   Skills:
 - Level 1.3 Dodging
 - Level 2.1 Stealth
 - Level 1.7 Spellcasting
 - Level 3.7 Ice Magic
 + Level 2.2 Earth Magic


You had 3 spell levels left.
You knew the following spells:

 Your Spells              Type           Power      Damage    Failure   Level
a - Freeze                Ice            48%        1d6       4%          1

Your spell library contained the following spells:

 Spells                   Type           Power      Damage    Failure   Level
 Sandblast                Erth           14%        2d6       10%         1
 Frozen Ramparts          Ice            24%        1d4       14%         3
 Ozocubu's Armour         Ice            12%        N/A       14%         3
 Passwall                 Tmut/Erth      3%         N/A       22%         2
 Stone Arrow              Conj/Erth      8%         3d7       41%         3
 Summon Ice Beast         Ice/Summ       6%         N/A       71%         4
 Leda's Liquefaction      Hex/Erth       2%         N/A       82%         4
 Lee's Rapid Deconstruct  Erth           3%         3d5*      95%         5
 Statue Form              Tmut/Erth      2%         N/A       100%        6


Dungeon Overview and Level Annotations

Branches:
Dungeon (2/15) Zot: 11832

Altars:
Sif Muna

Annotations:
D:2 Jessica, Terence


Innate Abilities, Weirdness & Mutations

You are completely covered in rugged brown scales. (AC +3, +7% HP)
Armour fits poorly on your strangely shaped body.
You have a long armoured tail.
You roll when moving toward enemies. (Rampage)
Your long tongue fully drains potion bottles. (2x potion effects)
Your tongue gives you trouble enunciating. (1.5x scroll delay)


Message History

* * * LOW HITPOINT WARNING * * *
The hobgoblin hits you.
* * * LOW HITPOINT WARNING * * *
You climb upwards.
Your summoned allies are left behind.
The hobgoblin shouts!
Found 6 gold pieces and 5 poisoned darts.
There is a stone staircase leading down here.
You are too injured to fight recklessly!
You are too injured to fight recklessly!
You puncture the kobold!
You kill the kobold!
A goblin comes into view. It is wielding a +0 dagger.
The hobgoblin hits you.
* * * LOW HITPOINT WARNING * * *
The hobgoblin attacks as you move away!
Found 4 gold pieces.
* * * LOW HITPOINT WARNING * * *
a +0 dagger; 2 stones The goblin shouts!
You hit the ball python.
You kill the ball python!
* * * LOW HITPOINT WARNING * * *
A bat comes into view.
A dart slug comes into view.
* * * LOW HITPOINT WARNING * * *
You see here a ball python corpse.
You hit the hobgoblin.
You kill the hobgoblin!
* * * LOW HITPOINT WARNING * * *
A bat comes into view.
* * * LOW HITPOINT WARNING * * *
You are no longer poisoned.
Found a leather armour.
The bat attacks as you move away!
Found a ring mail.
You closely miss the bat. The bat hits you.
* * * LOW HITPOINT WARNING * * *
The goblin hits you with a +0 dagger.
* * * LOW HITPOINT WARNING * * *
The dart slug launches a dart at you. The slug dart hits you.
You die...

...... ....#.
......(.. ......#
.#....... .......
.$..... ......$
......# .......
.....#
.......##.#w.##
........>.#...##
......>)†.g@...##
.........###b...#
.#####...Bg.r...#
#...#......##
#..##......# #...
##..#### #...
#..# #.## [..# .b
#...#


You could see a dart slug, a goblin, a bat and a rat.

Vanquished Creatures
  2 adders (D:2)
  3 bats (D:2)
  A hobgoblin (D:1)
  A ball python (D:1)
  3 kobolds
  A rat (D:2)
11 creatures vanquished.

Notes
Turn   | Place    | Note
-------+----------+-------------------------------------------
     0 | D:1      | iguanaiguana the Armataur Ice Elementalist began the quest
                  | for the Orb.
     0 | D:1      | Reached XP level 1. HP: 14/14 MP: 3/3
    87 | D:2      | Found a faded altar of an unknown god.
    96 | D:2      | Prayed at the altar of an unknown god.
    96 | D:2      | Became a worshipper of Sif Muna the Loreminder
    96 | D:2      | Reached * piety under Sif Muna
   133 | D:2      | Noticed Jessica
   139 | D:2      | Reached skill level 1 in Earth Magic
   139 | D:2      | Reached XP level 2. HP: 21/21 MP: 0/4
   144 | D:2      | Noticed Terence
   160 | D:1      | HP: 1/21 [poisoned by an adder]
   166 | D:1      | HP: 1/21 [goblin/+0 dagger (1)]
   166 | D:1      | Killed from afar by a dart slug

Illustrated notes

Levels and vault maps discovered:
D:1:      tarquinn_simple_flora_water_b, layout_rooms, nrook_loot_triangle,
          minmay_heptomino_l4
D:2:      cheibrodos_helix_gallery, layout_rooms, basic_altar,
          ebering_ecumenical_altar_box, uniq_jessica, uniq_terence

Skill      XL: |  1  2 |
---------------+-------+-----
Earth Magic    | 1 2 |  2.2
Dodging        | |  1.3
Stealth        | |  2.1
Spellcasting   | |  1.7
Ice Magic      | |  3.7

Action                     || total
---------------------------++-------
  Melee: Dagger            ||    14
         Unarmed           ||     2
   Cast: Freeze            ||     9
    Use: Scroll            ||     2
         Potion            ||     1
 Armour: Robe              ||    24
  Dodge: Dodged            ||    28

Table legend: (Time is in decaauts)
 A = Elapsed time spent in this place.
 B = Non-inter-level travel time spent in this place.
 C = Inter-level travel time spent in this place.
 D = Time resting spent in this place.
 E = Time spent auto-exploring this place.
 F = Levels seen in this place.
 G = Mean time per level.
                   A        B        C        D        E       F      G
               +--------+--------+--------+--------+--------+-----+--------+
         Total |    166 |    166 |      0 |      0 |      0 |   2 |   83.0 |
       Dungeon |    166 |    166 |      0 |      0 |      0 |   2 |   83.0 |
               +--------+--------+--------+--------+--------+-----+--------+

Top non-repeatable levels by time:
     D:2: 145 daAuts
     D:1: 20 daAuts
